 Seeded DCSS version 0.30.1 (webtiles) character file.

Game seed: 7229806256980976716 (custom seed)

282 McKennaii the Conjurer (level 5, -1/38 HPs)
             Began as a Demigod Conjurer on July 13, 2023.
             Slain by a wyvern zombie (7 damage)
             ... in an ossuary.
             The game lasted 00:02:35 (3340 turns).

McKennaii the Conjurer (Demigod Conjurer)           Turns: 3340, Time: 00:02:35

Health: -1/38      AC:  6    Str: 13    XL:     5   Next: 78%
Magic:  5/14       EV: 12    Int: 24    God:
Gold:   148        SH:  0    Dex: 12    Spells: 5/12 levels left

rFire   . . .        g - +3 Elemental Staff {rElec rF+ rC+ AC+3}
rCold   + + .        (no shield)
rNeg    . . .        a - +0 robe
rPois   +            (no helmet)
rElec   +            (no cloak)
rCorr   .            p - +0 pair of gloves
SInv    .            (no boots)
Will    .....        (no amulet)
Stlth   ++           h - ring of Wuesut {Ice rPois Str+5}
HPRegen 0.26/turn    (no ring)
MPRegen 0.14/turn

%: no passive effects
@: no status effects
A: high MP 1, forlorn, divine attributes
a: no special abilities


You were in an ossuary.
You visited 1 branch of the dungeon, and saw 4 of its levels.
You also visited: Ossuary.

You collected 148 gold pieces.

Inventory:

Hand Weapons
 g - the +3 Elemental Staff (weapon) {rElec rF+ rC+ AC+3}
   (You acquired it on level 2 of the Dungeon)

   It enhances your fire, ice, earth and air magic.
   AC:        It affects your AC (+3).
   rF:        It protects you from fire.
   rC:        It protects you from cold.
   rElec:     It insulates you from electricity.
Missiles
 c - a throwing net
Armour
 a - a +0 robe (worn)
 p - a +0 pair of gloves (worn)
Jewellery
 h - the ring of Wuesut (left hand) {Ice rPois Str+5}
   (You acquired it on level 2 of the Dungeon)

   [ring of ice]

   It enhances your ice magic.
   Str:       It affects your strength (+5).
   rF:        It makes you vulnerable to fire.
   rC:        It protects you from cold.
   rPois:     It protects you from poison.
Scrolls
 d - 3 scrolls of amnesia {unknown}
 e - 5 scrolls of identify {unknown}
 f - a scroll of teleportation {unknown}
 l - a scroll of enchant armour {unknown}
 n - 2 scrolls of blinking {unknown}
 q - a scroll of poison {unknown}
Potions
 b - a potion of magic
 i - 2 potions of brilliance {unknown}
 j - a potion of invisibility {unknown}
 k - 2 potions of curing {unknown}
 m - 2 potions of mutation {unknown}
 o - a potion of might {unknown}
 r - 2 potions of flight {unknown}


   Skills:
 - Level 1.7 Dodging
 - Level 1.7 Stealth
 + Level 4.0 Spellcasting
 + Level 5.3 Conjurations


You had 5 spell levels left.
You knew the following spells:

 Your Spells              Type           Power      Damage    Failure   Level
a - Magic Dart            Conj           100%       1d8       1%          1
b - Searing Ray           Conj           60%        2d6       1%          2
c - Iskenderun's Mystic   Conj/Tloc      17%        2d5       32%         4

Your spell library contained the following spells:

 Spells                   Type           Power      Damage    Failure   Level
 Dazzling Flash           Conj/Hex       34%        N/A       10%         3
 Cigotuvi's Dreadful Rot  Necr/Pois/Air  14%        N/A       14%         2
 Poisonous Vapours        Pois/Air       14%        N/A       14%         2
 Mephitic Cloud           Conj/Pois/Air  20%        N/A       14%         3
 Fulminant Prism          Conj/Hex       8%         3d7       32%         4
 Dispel Undead            Necr           4%         3d7       67%         4
 Freezing Cloud           Conj/Ice/Air   22%        6-21      78%         5
 Death Channel            Necr           2%         N/A       100%        6
 Orb of Destruction       Conj           15%        9d7       100%        7


Dungeon Overview and Level Annotations

Branches:
Dungeon (4/15)             Temple (0/1) D:4         Ossuary (1/1)

Annotations:
D:3 3 runed translucent doors, ripuliukko's ghost, amateur DEEE


Innate Abilities, Weirdness & Mutations

You have an increased reservoir of magic. (+10% MP)
You shall have no god before yourself.
Your divine heritage dramatically boosts your attributes as you level up.


Message History

Confirm with . or Enter, or press ? or * to list all spells.
Aiming: Searing Ray (safe; 1% risk of failure)
Press: ? - help, Shift-Dir - straight line, f - mummy
Aim: a mummy (wandering, hasn't noticed you, 90% to hit)
The searing ray hits the mummy!
The mummy is moderately damaged.
The searing ray hits the wyvern zombie!
The wyvern zombie is lightly damaged. (Press . to maintain the ray.)
The searing ray hits the mummy.
The mummy is severely damaged.
The searing ray hits the wyvern zombie!
The wyvern zombie is heavily damaged.
The searing ray hits the mummy!
You destroy the mummy!
The wyvern zombie barely misses you.
Your Spellcasting skill increases to level 4!
The searing ray hits the wyvern zombie.
The wyvern zombie is heavily damaged.
You finish channelling your searing ray.
The wyvern zombie barely misses you. The wyvern zombie bites you!
Unknown command.
Casting: Searing Ray (safe; 1% risk of failure)
Confirm with . or Enter, or press ? or * to list all spells.
Aiming: Searing Ray (safe; 1% risk of failure)
Press: ? - help, Shift-Dir - straight line, f - wyvern zombie
Aim: a wyvern zombie (heavily damaged, 93% to hit)
The searing ray hits the wyvern zombie.
The wyvern zombie is severely damaged. (Press . to maintain the ray.)
The wyvern zombie bites you.
The searing ray hits the wyvern zombie.
The wyvern zombie is severely damaged.
The wyvern zombie bites you!
The searing ray hits the wyvern zombie!
The wyvern zombie is almost destroyed.
The wyvern zombie bites you!
* * * LOW HITPOINT WARNING * * *
The wyvern zombie bites you!
You die...

+#+# ..+
#####.#
#...#.+
#.∩@Z.#
#∩..#.'.#
#####.###
+.+ #.#
#.' '.#
.'


You could see a wyvern zombie.

Vanquished Creatures
  A scorpion (D:4)
  A jelly (D:2)
  A sleepcap (D:4)
  3 mummies
  4 adders (D:2)
  An ufetubus (D:3)
  3 worms
  5 bats
  4 endoplasms
  5 giant cockroaches
  3 goblins
  7 hobgoblins
  20 jackals
  A kobold (D:4)
  4 quokkas
  6 ball pythons
  A frilled lizard (D:1)
  4 rats
74 creatures vanquished.

Notes
Turn   | Place    | Note
-------+----------+-------------------------------------------
     0 | D:1      | McKennaii the Demigod Conjurer began the quest for the Orb.
     0 | D:1      | Reached XP level 1. HP: 14/14 MP: 5/5
   251 | D:1      | You fall into a shaft and drop 1 floor!
   252 | D:2      | Identified 3 scrolls of acquirement
   252 | D:2      | Acquired the +3 Elemental Staff {rElec rF+ rC+ AC+3}
   252 | D:2      | Found the +3 Elemental Staff {rElec rF+ rC+ AC+3}
   255 | D:2      | Acquired the ring of Wuesut {Ice rPois Str+5}
   257 | D:2      | Acquired the Octavo of Bolts
   283 | D:2      | Reached XP level 2. HP: 20/20 MP: 1/7
   470 | D:2      | Reached skill level 4 in Conjurations
   594 | D:2      | Reached XP level 3. HP: 26/26 MP: 6/9
   597 | D:2      | Learned a level 2 spell: Searing Ray
  1771 | D:2      | Reached XP level 4. HP: 33/33 MP: 6/11
  2121 | D:2      | Learned a level 4 spell: Iskenderun's Mystic Blast
  2541 | D:3      | Found a runed translucent gate.
  2541 | D:3      | Found a runed translucent gate.
  2541 | D:3      | Found a runed translucent gate.
  2547 | D:3      | Noticed ripuliukko's ghost (amateur DEEE)
  2945 | D:4      | Reached skill level 5 in Conjurations
  2945 | D:4      | Reached XP level 5. HP: 24/38 MP: 3/13
  3199 | D:4      | Found a sand-covered staircase.
  3256 | D:4      | Found a staircase to the Ecumenical Temple.
  3273 | Ossuary  | Entered an ossuary
  3340 | Ossuary  | Slain by a wyvern zombie

Illustrated notes

Levels and vault maps discovered:
D:1:      spicycebolla_arrival_ecumenical, layout_loops_ring
D:2:      layout_basic
D:3:      layout_rooms, mainiacjoe_overflow_paths, gammafunk_ghost_necromancy
D:4:      layout_rooms, tso_metal_star, mainiacjoe_overflow_catwalk,
          elyvilon_altar_5, minmay_temple_entry_stoned_glass,
          nicolae_ossuary_entry_giza, minmay_misc_feat_square, minivault_4
Ossuary:  ossuary_zaba_flooded

Skill      XL: |  1  2  3  4  5 |
---------------+----------------+-----
Spellcasting   | 2 3 4 |  4.0
Conjurations   | 4 5 |  5.3
Dodging        | |  1.7
Stealth        | |  1.7

Action                     |  1- 3 |  4- 6 || total
---------------------------+-------+-------++-------
  Melee: Unarmed           |     8 |       ||     8
         Staff             |    26 |     2 ||    28
   Cast: Magic Dart        |    79 |    67 ||   146
         Searing Ray       |       |     7 ||     7
    Use: Scroll            |     3 |       ||     3
 Armour: Robe              |    26 |     6 ||    32
  Dodge: Dodged            |    50 |    12 ||    62
